 Dungeon Crawl Stone Soup version 0.22-a0-422-g9628fc8 (webtiles) character file.

134 galech the Skirmisher (level 5, -8/47 HPs)
             Began as a Gnoll Wanderer on May 16, 2018.
             Was an Initiate of Okawaru.
             Killed by divine providence
             ... invoked by an orc priest
              (14 damage)
             ... on level 3 of the Dungeon.
             The game lasted 00:04:20 (2236 turns).

galech the Skirmisher (Gnoll Wanderer)              Turns: 2236, Time: 00:04:22

Health: -8/47      AC:  9    Str: 18    XL:     5   Next: 17%
Magic:  9/9        EV: 11    Int: 14    God:    Okawaru [......]
Gold:   191        SH:  0    Dex: 15    Spells: 10/10 levels left

rFire    + . .     SeeInvis .   p - +0 short sword (venom)
rCold    x . .     Gourm    .   (no shield)
rNeg     . . .     Faith    .   n - +0 ring mail (curse)
rPois    .         Spirit   .   r - +2 helmet {Int+3}
rElec    .         Reflect  .   (no cloak)
rCorr    .         Harm     .   (no gloves)
MR       .....                  (no boots)
Stlth    ++........             (no amulet)
HPRegen  0.15/turn              i - ring of fire
MPRegen  0.11/turn              (no ring)

@: no status effects
A: distributed training, fangs 1, strong nose
a: Renounce Religion


You were on level 3 of the Dungeon.
You worshipped Okawaru.
Okawaru was noncommittal.
You were not hungry.

You visited 1 branch of the dungeon, and saw 3 of its levels.

You collected 191 gold pieces.

Inventory:

Hand Weapons
 a - a +2 dagger
 c - a +0 hand crossbow
 e - a +0 spear
 p - a +0 short sword of venom (weapon)
Missiles
 d - 28 bolts
Armour
 f - a +0 robe
 n - a cursed +0 ring mail (worn)
 r - a +2 helmet of intelligence (worn)
 w - a +0 scale mail
Jewellery
 i - a ring of fire (left hand)
Scrolls
 h - 2 scrolls of identify
 l - a scroll of teleportation
 t - 2 scrolls of enchant armour
Potions
 b - 2 potions of haste
 j - a potion of lignification {unknown}
 k - a potion of flight {unknown}
 m - a potion of agility {unknown}
 s - a potion of degeneration {unknown}
 u - a potion of curing {unknown}
 v - a potion of mutation {unknown}
Comestibles
 g - 2 rations


   Skills:
 + Level 6.6 Fighting
 + Level 1.3 Short Blades
 + Level 1.3 Long Blades
 + Level 1.3 Axes
 + Level 1.3 Maces & Flails
 + Level 1.3 Polearms
 + Level 1.3 Staves
 + Level 1.3 Slings
 + Level 1.3 Bows
 + Level 1.3 Crossbows
 + Level 1.3 Throwing
 + Level 4.7 Armour
 + Level 1.3 Dodging
 + Level 2.7 Stealth
 + Level 1.3 Shields
 + Level 1.3 Unarmed Combat
 + Level 3.1 Spellcasting
 + Level 1.1 Conjurations
 + Level 3.9 Hexes
 + Level 1.1 Charms
 + Level 1.1 Summonings
 + Level 1.1 Necromancy
 + Level 1.1 Translocations
 + Level 1.1 Transmutations
 + Level 1.1 Fire Magic
 + Level 1.1 Ice Magic
 + Level 1.1 Air Magic
 + Level 1.1 Earth Magic
 + Level 1.1 Poison Magic
 + Level 1.5 Invocations
 + Level 2.9 Evocations


You had 10 spell levels left.
You didn't know any spells.
Your spell library was empty.

Dungeon Overview and Level Annotations

Branches:
Dungeon (3/15)

Altars:
Okawaru


Innate Abilities, Weirdness & Mutations

Your experience applies equally to all skills.
You have very sharp teeth.
Your uncanny sense of smell can sniff out nearby items.


Message History

The orc priest looks as sick as possible!
Your bite misses the orc priest.
The orc priest is severely wounded.
The orc priest barely misses you.
The orc priest calls upon Beogh to heal the orc priest.
The orc priest is healed somewhat.
You hit the orc priest.
The orc priest looks as sick as possible!
The orc priest is heavily wounded.
The orc priest invokes the aid of Beogh against you.
Pain shoots through your body!
The orc priest mumbles some strange prayers to Beogh against you.
Beogh smites you!
* * * LOW HITPOINT WARNING * * *
You kill the orc priest!
Okawaru accepts your kill.
You have reached level 5!
The orc priest invokes the aid of Beogh against you.
Beogh smites you!
You die...

#<# #.# #.# #.# ##
## #.# .. .. #.#
.#
#.#####.####..####
#..@†)oo.[.)......
#.###########.####
.. #% # ∆


You could see an orc priest and an orc.

Vanquished Creatures
  An orc priest (D:3)
  A gnoll (D:2)
  2 adders
  5 dart slugs
  2 leopard geckos (D:1)
  6 orcs
  6 bats
  2 giant cockroaches (D:1)
  8 goblins
  6 hobgoblins
  A quokka (D:2)
  2 ball pythons (D:1)
  3 frilled lizards
  10 kobolds
  4 rats (D:1)
59 creatures vanquished.

Notes
Turn   | Place    | Note
-------+----------+-------------------------------------------
     0 | D:1      | galech the Gnoll Wanderer began the quest for the Orb.
     0 | D:1      | galech set off with: a +2 dagger, a potion of haste, a +0 hand crossbow, 28 bolts, a +0 spear, a +0 robe, a ration
     0 | D:1      | Reached XP level 1. HP: 23/23 MP: 4/4
   285 | D:1      | Reached XP level 2. HP: 12/29 MP: 5/5
   861 | D:1      | Reached XP level 3. HP: 35/35 MP: 7/7
  1245 | D:2      | Reached skill level 1 in Invocations
  1475 | D:2      | Reached skill level 1 in Short Blades
  1475 | D:2      | Reached skill level 1 in Long Blades
  1475 | D:2      | Reached skill level 1 in Axes
  1475 | D:2      | Reached skill level 1 in Maces & Flails
  1475 | D:2      | Reached skill level 1 in Polearms
  1475 | D:2      | Reached skill level 1 in Staves
  1475 | D:2      | Reached skill level 1 in Slings
  1475 | D:2      | Reached skill level 1 in Bows
  1475 | D:2      | Reached skill level 1 in Crossbows
  1475 | D:2      | Reached skill level 1 in Throwing
  1475 | D:2      | Reached skill level 1 in Dodging
  1475 | D:2      | Reached skill level 1 in Shields
  1475 | D:2      | Reached skill level 1 in Unarmed Combat
  1549 | D:2      | Reached XP level 4. HP: 41/41 MP: 8/8
  1750 | D:2      | Found an iron altar of Okawaru.
  1804 | D:2      | Became a worshipper of Warmaster Okawaru
  1962 | D:3      | Reached skill level 1 in Conjurations
  1962 | D:3      | Reached skill level 1 in Charms
  1962 | D:3      | Reached skill level 1 in Summonings
  1962 | D:3      | Reached skill level 1 in Necromancy
  1962 | D:3      | Reached skill level 1 in Translocations
  1962 | D:3      | Reached skill level 1 in Transmutations
  1962 | D:3      | Reached skill level 1 in Fire Magic
  1962 | D:3      | Reached skill level 1 in Ice Magic
  1962 | D:3      | Reached skill level 1 in Air Magic
  1962 | D:3      | Reached skill level 1 in Earth Magic
  1962 | D:3      | Reached skill level 1 in Poison Magic
  2236 | D:3      | Reached XP level 5. HP: 6/47 MP: 9/9
  2236 | D:3      | Killed from afar by an orc priest

Vault maps used:
D:1:      minmay_arrival_up_and_down, kennysheep_pointless_box,
          grunt_decor_arrowhead, fountainhead, minivault_14
D:2:      okawaru_altar_gauntlet_db, kennysheep_nub, guppyfry_early_orc_mine
D:3:      first_ration, minmay_surrounded

Skill      XL: |  1  2  3  4 |
---------------+-------------+-----
Invocations    | 1 |  1.5
Short Blades   | 1 |  1.3
Long Blades    | 1 |  1.3
Axes           | 1 |  1.3
Maces & Flails | 1 |  1.3
Polearms       | 1 |  1.3
Staves         | 1 |  1.3
Slings         | 1 |  1.3
Bows           | 1 |  1.3
Crossbows      | 1 |  1.3
Throwing       | 1 |  1.3
Dodging        | 1 |  1.3
Shields        | 1 |  1.3
Unarmed Combat | 1 |  1.3
Spellcasting   | 3 |  3.1
Conjurations   | 1 |  1.1
Charms         | 1 |  1.1
Summonings     | 1 |  1.1
Necromancy     | 1 |  1.1
Translocations | 1 |  1.1
Transmutations | 1 |  1.1
Fire Magic     | 1 |  1.1
Ice Magic      | 1 |  1.1
Air Magic      | 1 |  1.1
Earth Magic    | 1 |  1.1
Poison Magic   | 1 |  1.1
Fighting       | |  6.6
Armour         | |  4.7
Stealth        | |  2.7
Hexes          | |  3.9
Evocations     | |  2.9

Action                   |  1- 3 |  4- 6 || total
-------------------------+-------+-------++-------
Melee: Dagger            |    54 |       ||    54
       Bite              |     5 |     6 ||    11
       Short sword       |    48 |    60 ||   108
  Use: Scroll            |       |     5 ||     5
 Stab: Sleeping          |     1 |     1 ||     2
  Eat: Chunk             |     2 |     2 ||     4
Armor: Robe              |     4 |       ||     4
       Ring mail         |    38 |    25 ||    63
Dodge: Dodged            |    51 |    32 ||    83

Table legend:
 A = Spawn XP
 B = Non-spawn XP
 C = Spawn XP percentage of total XP
 D = Spawn monster count
 E = Non-spawn monster count
 F = Spawn count percentage of total count
 G = Total turns spent on level
                    A         B        C        D         E        F      G
               +---------+---------+-------+---------+---------+-------+---------
         Total |       0 |     192 |   0.0 |       0 |      59 |   0.0 |  2236
               +---------+---------+-------+---------+---------+-------+---------
           D:1 |       0 |      47 |   0.0 |       0 |      26 |   0.0 |  1161
           D:2 |       0 |      84 |   0.0 |       0 |      28 |   0.0 |  1037
           D:3 |       0 |      61 |   0.0 |       0 |       5 |   0.0 |    38
               +---------+---------+-------+---------+---------+-------+---------
